 Dungeon Crawl Stone Soup version 0.31.0-9-g3a7656b989 (webtiles) character file.

Game seed: 1417517051022383301

156 qw the Shooter (level 4, 0/36 HPs)
             Began as a Demigod Hunter on Feb 2, 2024.
             Succumbed to an adder's poison
             ... on level 3 of the Dungeon.
             The game lasted 00:00:09 (2550 turns).

qw the Shooter (Demigod Hunter)                     Turns: 2550, Time: 00:00:09

Health: 0/36       AC:  5    Str: 12    XL:     4   Next: 91%
Magic:  6/6        EV: 11    Int: 11    God:
Gold:   96         SH:  0    Dex: 21    Spells: 3/3 levels left

rFire   . . .        a - +1 shortbow
rCold   . . .        (shield currently unavailable)
rNeg    . . .        e - +0 ring mail
rPois   .            (no helmet)
rElec   .            (no cloak)
rCorr   .            (no gloves)
SInv    .            (no boots)
Will    .....        (no amulet)
Stlth   +            (no ring)
HPRegen 0.26/turn    (no ring)
MPRegen 0.10/turn

%: no passive effects
@: lethally poisoned (0 -> -11), about to teleport
A: high MP 1, forlorn, divine attributes
a: no special abilities


You were on level 3 of the Dungeon.
You visited 1 branch of the dungeon, and saw 3 of its levels.

You collected 96 gold pieces.


Innate Abilities, Weirdness & Mutations

You have an increased reservoir of magic. (+10% MP)
You shall have no god before yourself.
Your divine heritage dramatically boosts your attributes as you level up.


   Skills:
 - Level 2.0 Fighting
 + Level 5.3 Ranged Weapons
 - Level 1.1 Armour
 - Level 2.4 Dodging
 - Level 0.8 Stealth


You had 3 spell levels left.
You didn't know any spells.
Your spell library was empty.

Inventory:

Hand Weapons
 a - a +1 shortbow (weapon)
Armour
 e - a +0 ring mail (worn)
Scrolls
 f - a scroll of brand weapon {unknown}
Potions
 b - a potion of heal wounds {unknown}
 c - a potion of invisibility {unknown}
 i - a potion of might
 j - a potion of attraction {unknown}

Dungeon Overview and Level Annotations

Branches:
Dungeon (3/15)

Shops:
D:1 [


Message History

You feel sick. The quokka barely misses you. The adder barely misses you.
The quokka bites you but does no damage.
You shoot an arrow. The arrow hits the adder.
The adder is heavily wounded.
You feel sick.
You are no longer poisoned.
The adder bites you but does no damage. The quokka misses you.
The adder closely misses you. The quokka completely misses you.
You shoot an arrow. The arrow hits the adder.
The adder is severely wounded.
The adder barely misses you. The quokka bites you. The adder misses you.
You shoot an arrow. The arrow hits the adder.
The adder is almost dead.
The quokka bites you but does no damage.
The adder bites you but does no damage.
You shoot an arrow. The arrow misses the adder.
The quokka misses you. The adder bites you.
You are poisoned.
The adder poisons you!
A gnoll comes into view. It is wielding a +0 club.
The quokka bites you. The adder bites you.
You are more poisoned.
The adder poisons you!
You shoot an arrow. The arrow barely misses the adder.
The gnoll shouts!
You feel very sick.
A gnoll comes into view. It is wielding a +0 spear.
The quokka bites you. The adder bites you.
You are lethally poisoned!
The adder poisons you! The quokka barely misses you.
2549 ||| READING scroll of teleportation.
As you read the scroll of teleportation, it crumbles to dust.
You feel strangely unstable.
You feel very sick. The adder barely misses you. The quokka bites you.
The adder barely misses you.
You shoot an arrow. The arrow misses the adder.
The gnoll shouts!
The arrow hits the gnoll.
The gnoll is lightly wounded.
You die...

############ ##### ######
...........#...... #....#
.........r@')....! #....#
....g.....S#########....##
########..g.......#......#
#..........'..(...+
#####..........#......#
.........#########...)##
...(.....'...... #....#
.........#....). #....#
###################)'####


You could see 2 gnolls, an adder and a quokka.

Vanquished Creatures
  2 orc priests (D:3)
  2 gnolls (D:3)
  3 adders
  A dart slug (D:2)
  3 orcs (D:2)
  2 endoplasms (D:2)
  3 giant cockroaches (D:2)
  4 goblins
  A hobgoblin (D:3)
  4 jackals (D:2)
  3 quokkas (D:2)
  3 ball pythons
  5 bats
  9 kobolds
  3 rats (D:2)
48 creatures vanquished.

Notes
Turn   | Place    | Note
-------+----------+-------------------------------------------
     0 | D:1      | qw the Demigod Hunter began the quest for the Orb.
     0 | D:1      | Reached XP level 1. HP: 17/17 MP: 3/3
     0 | D:1      | 0 ||| qw: Version: 0.3-a-155-g5e7d8dd
     0 | D:1      | 0 ||| qw: Game counter: 296
     0 | D:1      | 0 ||| qw: Melee chars always use a shield: true
     0 | D:1      | 0 ||| qw: God list: Okawaru
     0 | D:1      | 0 ||| qw: Allow faded altars: false
     0 | D:1      | 0 ||| qw: Do Orc after clearing Dungeon:15 true
     0 | D:1      | 0 ||| qw: Do second Lair branch before Depths: true
     0 | D:1      | 0 ||| qw: Lair rune preference: random
     0 | D:1      | 0 ||| qw: Goals: Normal
     0 | D:1      | 0 ||| PLANNING D:1-11
    59 | D:1      | Found Geres's Antique Armour Emporium.
    62 | D:1      | 62 ||| SHOPLISTING dyed leather armour (115 gold, have 0).
    62 | D:1      | 62 ||| SHOPLISTING heavily runed leather armour (161 gold,
                  | have 0).
    62 | D:1      | 62 ||| SHOPLISTING ichor-stained ring mail (207 gold, have
                  | 0).
    62 | D:1      | 62 ||| SHOPLISTING pair of gloves (103 gold, have 0).
    62 | D:1      | 62 ||| SHOPLISTING scorched ring mail (207 gold, have 0).
   432 | D:1      | Reached skill level 4 in Ranged Weapons
   933 | D:1      | 933 ||| UPGRADING to +0 ring mail.
   943 | D:1      | 943 ||| DROPPING +0 leather armour.
   944 | D:1      | 944 ||| READING scroll labelled CUUPNO FAOFAD.
   944 | D:1      | 944 ||| IDENTIFYING viscous amethyst potion
   945 | D:1      | 945 ||| READING scroll labelled MAWUGHUSKA.
  1046 | D:1      | 1046 ||| READING scroll labelled URICSI MECH.
  1077 | D:1      | 1077 ||| READING scroll labelled INUHIS NOOTSUI.
  1078 | D:1      | 1078 ||| READING scroll labelled FAOR EPOTI.
  1081 | D:1      | 1081 ||| DROPPING scroll of butterflies.
  1117 | D:2      | Reached XP level 2. HP: 24/24 MP: 4/4
  1173 | D:2      | 1173 ||| FLEEEEING.
  1177 | D:2      | 1177 ||| STAIRDANCE
  1742 | D:2      | Reached XP level 3. HP: 20/29 MP: 5/5
  1921 | D:2      | 1921 ||| READING scroll labelled QASHRA UFIL.
  1921 | D:2      | 1921 ||| ENCHANTING +0 shortbow.
  1983 | D:3      | 1983 ||| STAIRDANCE
  1994 | D:3      | 1994 ||| STAIRDANCE
  2056 | D:3      | 2056 ||| STAIRDANCE
  2132 | D:3      | 2132 ||| STAIRDANCE
  2138 | D:3      | 2138 ||| STAIRDANCE
  2155 | D:3      | Reached skill level 5 in Ranged Weapons
  2155 | D:3      | Reached XP level 4. HP: 21/36 MP: 6/6
  2166 | D:3      | 2166 ||| STAIRDANCE
  2211 | D:3      | 2211 ||| STAIRDANCE
  2468 | D:3      | Reached skill level 1 in Armour
  2548 | D:3      | HP: 9/36 [quokka (1)]
  2549 | D:3      | 2549 ||| READING scroll of teleportation.
  2549 | D:3      | HP: 4/36 [quokka (1)]
  2550 | D:3      | Succumbed to an adder's poison

Levels and vault maps discovered:
D:1:      eino_arrival_water_cross, layout_basic, serial_shops, shop_fountains
D:2:      layout_loops_ring, chequers_ecumenical_altar_twisty,
          kennysheep_generic_room_7
D:3:      minmay_goblin_kobold_castle, layout_rooms,
          corexii_item_surrounded_by_moat

Skill      XL: |  1  2  3  4 |
---------------+-------------+-----
Ranged Weapons | 4 5 |  5.3
Fighting       | 2 |  2.0
Dodging        | 2 |  2.4
Armour         | 1 |  1.1
Stealth        | |  0.8

Action                     |  1- 3 |  4- 6 || total
---------------------------+-------+-------++-------
   Fire: Shortbow          |   125 |    48 ||   173
    Use: Scroll            |     6 |     1 ||     7
 Armour: Leather armour    |     6 |       ||     6
         Ring mail         |    76 |    24 ||   100
  Dodge: Dodged            |    78 |    20 ||    98

Table legend:
 A = Non-vault XP
 B = Vault XP
 C = Vault XP percentage of total XP
 D = Non-vault monster count
 E = Vault monster count
 F = Vault count percentage of total count
                 A         B        C        D         E       F
            +---------+---------+-------+---------+---------+-------
      Total |     187 |      36 |  16.1 |      40 |       8 |  16.7
            +---------+---------+-------+---------+---------+-------
        D:1 |      11 |       0 |   0.0 |       7 |       0 |   0.0
        D:2 |      75 |       2 |   2.6 |      26 |       1 |   3.7
        D:3 |     101 |      34 |  25.2 |       7 |       7 |  50.0
            +---------+---------+-------+---------+---------+-------
